 Dungeon Crawl Stone Soup version 0.26-a0-259-g1effd001a9 (webtiles) character file.

Game seed: 2277143467384407464

71 MalarOregon the Twirler (level 4, 0/38 HPs)
             Began as a Draconian Gladiator on July 12, 2020.
             Slain by a gnoll
             ... wielding a cursed -1 spear
              (4 damage)
             ... on level 2 of the Dungeon.
             The game lasted 00:01:26 (1604 turns).

MalarOregon the Twirler (Draconian Gladiator)       Turns: 1604, Time: 00:01:26

Health: 0/38       AC:  5    Str: 17    XL:     4   Next: 5%
Magic:  4/4        EV: 13    Int:  9    God:
Gold:   8          SH:  0    Dex: 12    Spells: 3/3 levels left

rFire    . . .     SeeInvis .   a - +0 quarterstaff
rCold    . . .     Faith    .   (shield currently unavailable)
rNeg     . . .     Spirit   .   (armour unavailable)
rPois    .         Reflect  .   b - +0 hat
rElec    .         Harm     .   (no cloak)
rCorr    .                      (no gloves)
MR       .....                  (no boots)
Stlth    ++........             (no amulet)
HPRegen  0.12/turn              k - ring of stealth
MPRegen  0.09/turn              (no ring)

@: no status effects
A: unfitting armour, cold-blooded, AC +5
a: no special abilities


You were on level 2 of the Dungeon.
You were not hungry.

You visited 1 branch of the dungeon, and saw 2 of its levels.

You collected 8 gold pieces.

Inventory:

Hand Weapons
 a - a +0 quarterstaff (weapon)
Missiles
 c - 3 throwing nets (quivered) {!f}
Armour
 b - a +0 hat (worn)
Jewellery
 k - a ring of stealth (left hand)
   (You found it on level 1 of the Dungeon)
Scrolls
 f - a scroll of magic mapping {unknown}
 h - a scroll of enchant armour {unknown}
 j - a scroll of identify {unknown}
Potions
 d - a potion of cancellation {unknown}
 g - a potion of berserk rage {unknown}
 i - a potion of curing {unknown}
Comestibles
 e - 7 rations {!d}


   Skills:
 + Level 3.0 Fighting
 + Level 3.5 Staves
 + Level 2.4 Throwing
 + Level 3.2 Dodging


You had 3 spell levels left.
You didn't know any spells.
Your spell library was empty.

Dungeon Overview and Level Annotations

Branches:
Dungeon (2/15)

Altars:


Innate Abilities, Weirdness & Mutations

Your plain brown scales are hard. (AC +5)
You cannot fit into any form of body armour.
You are cold-blooded and may be slowed by cold attacks.


Message History

Your Fighting skill increases to level 3!
You start resting.
Unknown command.
There is a stone staircase leading down here.
You climb downwards.
The gnoll barely misses you. The hobgoblin barely misses you.
The gnoll hits you with a +0 club.
There is a stone staircase leading up here.
The hobgoblin closely misses you. The gnoll hits you with a +0 club.
You climb upwards.
There is a stone staircase leading down here.
You hit the gnoll.
Your tail-slap misses the gnoll.
The hobgoblin misses you. The gnoll hits you but does no damage.
You thump the gnoll!
You kill the gnoll!
You have reached level 4!
You feel stronger. The hobgoblin barely misses you.
The hobgoblin closely misses you.
You hit the hobgoblin.
Your tail-slap misses the hobgoblin.
The hobgoblin hits you but does no damage.
You hit the hobgoblin.
You kill the hobgoblin!
No target in view!
No target in view!
You start resting.
Unknown command.
You climb downwards.
There is a stone staircase leading up here.
You climb upwards.
There is a stone staircase leading down here.
You climb downwards.
There is a stone staircase leading up here.
The gnoll hits you from afar with a cursed -1 spear!
The gnoll hits you with a cursed -1 spear.
You closely miss the gnoll.
The gnoll hits you with a cursed -1 spear.
You thump the gnoll!
The gnoll hits you with a cursed -1 spear!
* * * LOW HITPOINT WARNING * * *
The gnoll hits you with a cursed -1 spear.
* * * LOW HITPOINT WARNING * * *
Unknown command.
You hit the gnoll.
The gnoll hits you with a cursed -1 spear!
* * * LOW HITPOINT WARNING * * *
Unknown command.
The gnoll barely misses you.
Unknown command.
There is a stone staircase leading up here.
The gnoll hits you from afar with a cursed -1 spear.
You die...

.# .### #.#. #
>..##.... #.
.#.#....% #.#
.#.......
#..######.#.....
.
#..?............
##....g##.#.....
#.#.....@......#
.g##.#####.###..#
#... #.. ... #..
#..# .##.. #..
#..# .. ..# #.
.... #. .# ..
...# .. # #.## >.


You could see a gnoll.

Vanquished Creatures
  2 gnolls (D:1)
  An ooze (D:1)
  A dart slug (D:1)
  3 leopard geckos (D:1)
  A giant cockroach (D:1)
  3 goblins (D:1)
  5 hobgoblins (D:1)
  9 jackals (D:1)
  7 bats (D:1)
  A frilled lizard (D:1)
  A kobold (D:1)
  5 rats (D:1)
39 creatures vanquished.

Notes
Turn   | Place    | Note
-------+----------+-------------------------------------------
     0 | D:1      | MalarOregon the Draconian Gladiator began the quest for the
                  | Orb.
     0 | D:1      | Reached XP level 1. HP: 17/17 MP: 1/1
    66 | D:1      | Reached XP level 2. HP: 5/25 MP: 2/2
    69 | D:1      | HP: 1/25 [goblin/+0 dagger (3)]
    76 | D:1      | HP: 1/25 [hobgoblin (1)]
   839 | D:1      | Reached XP level 3. HP: 29/30 MP: 3/3
  1558 | D:1      | Reached XP level 4. HP: 34/38 MP: 4/4
  1604 | D:2      | Slain by a gnoll

Illustrated notes

Levels and vault maps discovered:
D:1:      kennysheep_arrival_seaside, layout_rooms, minmay_misc_feat_cross,
          st_stairs_7, grunt_decor_cap, minmay_tall_x
D:2:      layout_loops_ring, old_standard_altar, st_stairs_3

Skill      XL: |  1  2  3 |
---------------+----------+-----
Throwing       | 2 |  2.4
Dodging        | 3 |  3.2
Fighting       | 3 |  3.0
Staves         | |  3.5

Action                   |  1- 3 |  4- 6 || total
-------------------------+-------+-------++-------
Melee: Quarterstaff      |   105 |     5 ||   110
       Tailslap          |    12 |       ||    12
  Eat: Ration            |     1 |       ||     1
Armor: Skin              |    39 |     1 ||    40
Dodge: Dodged            |    98 |     3 ||   101

Table legend:
 A = Non-vault XP
 B = Vault XP
 C = Vault XP percentage of total XP
 D = Non-vault monster count
 E = Vault monster count
 F = Vault count percentage of total count
                 A         B        C        D         E       F
            +---------+---------+-------+---------+---------+-------
      Total |      82 |      20 |  19.6 |      31 |       8 |  20.5
            +---------+---------+-------+---------+---------+-------
        D:1 |      82 |      20 |  19.6 |      31 |       8 |  20.5
            +---------+---------+-------+---------+---------+-------
